 Dungeon Crawl Stone Soup version 0.25.1-2-g60ff931df9 (webtiles) character file.

Game seed: 7310375067609233890

48 DildoBatman the Magician (level 4, -1/30 HPs)
             Began as a Formicid Wizard on Sept 11, 2020.
             Slain by a quokka (2 damage)
             ... on level 4 of the Dungeon.
             The game lasted 00:02:52 (1382 turns).

DildoBatman the Magician (Formicid Wizard)          Turns: 1382, Time: 00:02:53

Health: -1/30      AC:  2    Str: 12    XL:     4   Next: 0%
Magic:  8/8        EV: 12    Int: 18    God:
Gold:   79         SH:  0    Dex:  9    Spells: 8/9 levels left

rFire    . . .     SeeInvis +   a - +0 hunting sling
rCold    . . .     Gourm    .   (no shield)
rNeg     . . .     Faith    .   i - +0 robe
rPois    .         Spirit   .   (helmet unavailable)
rElec    .         Reflect  .   (no cloak)
rCorr    .         Harm     .   (no gloves)
MR       .....                  (no boots)
Stlth    ++........             (no amulet)
HPRegen  0.10/turn              (no ring)
MPRegen  0.11/turn              (no ring)

@: no status effects
A: permanent stasis, dig shafts and tunnels, four strong arms, antennae 3
a: Dig, Shaft Self


You were on level 4 of the Dungeon.
You were hungry.

You visited 1 branch of the dungeon, and saw 3 of its levels.

You collected 79 gold pieces.

Inventory:

Hand Weapons
 a - a +0 hunting sling (weapon)
 b - a +2 dagger of venom
 d - a +1 mace of holy wrath
 o - a +1 flail of protection
Missiles
 c - 18 poisoned darts
 g - 27 bolts
 m - 19 arrows
 q - 29 stones (quivered)
Armour
 i - a +0 robe (worn)
Magical Staves
 p - a cursed staff of cold {unknown}
Scrolls
 e - a scroll of teleportation {unknown}
 j - a scroll of amnesia {unknown}
 k - a scroll of random uselessness {unknown}
 l - 3 scrolls of identify {unknown}
 n - a scroll of magic mapping {unknown}
Potions
 h - a potion of resistance {unknown}
Comestibles
 f - 2 chunks of flesh
 v - 4 rations


   Skills:
 - Level 1.7 Dodging
 - Level 2.4 Stealth
 - Level 3.2 Spellcasting
 * Level 3.1 Conjurations
   Level 1.0 Summonings
   Level 0.8 Translocations


You had 8 spell levels left.
You knew the following spells:

 Your Spells              Type           Power        Failure   Level  Hunger
c - Magic Dart            Conj           ##..         4%          1    None

Your spell library contained the following spells:

 Spells                   Type           Power        Failure   Level  Hunger
 Call Imp                 Summ           #.......     16%         2    ##.....
 Slow                     Hex            #.......     24%         2    ##.....
 Conjure Flame            Conj/Fire      #.......     26%         3    ###....
 Mephitic Cloud           Conj/Pois/Air  #.......     30%         3    ###....
 Blink                    Tloc           Unusable     N/A         2    N/A

Dungeon Overview and Level Annotations

Branches:
Dungeon (2/15)

Altars:


Innate Abilities, Weirdness & Mutations

You cannot be hasted, slowed, berserked, paralysed or teleported.
You can dig through walls and to a lower floor.
Your four strong arms can wield two-handed weapons with a shield.
You have a pair of large antennae on your head. (SInv)


Message History

t - Shout!
Orders for allies: a - Attack new target. r - Retreat! s - Stop attacking. g - Guard the area. f - Follow me.
Anything else - Cancel.
You shout for attention!
The quokka bites you. The hound bites you. The quokka bites you.
What are your orders? t - Shout!
Orders for allies: a - Attack new target. r - Retreat! s - Stop attacking. g - Guard the area. f - Follow me.
Anything else - Cancel.
You shout for attention!
The hound barely misses you. The hound misses you. The quokka bites you.
You die...

.......+
#......#
#......######
#......#....#
+......#....#
#....<.#....#
#...<.h#....#
{
#.....@+....#
.....=r......#
...<....#..###
....#####..#
... #......#
.. #......# >
#......#
#......#
########


You could see a hound and a quokka.

Vanquished Creatures
  An adder (D:2)
  A worm (D:2)
  3 giant cockroaches
  5 goblins
  2 hobgoblins (D:1)
  2 jackals (D:2)
  3 kobolds
  A quokka (D:2)
  A ball python (D:2)
  8 bats
  2 frilled lizards
  5 rats
34 creatures vanquished.

Notes
Turn   | Place    | Note
-------+----------+-------------------------------------------
     0 | D:1      | DildoBatman the Formicid Wizard began the quest for the
                  | Orb.
     0 | D:1      | Reached XP level 1. HP: 13/13 MP: 4/4
    65 | D:1      | Reached skill level 1 in Conjurations
   266 | D:1      | Reached XP level 2. HP: 19/19 MP: 4/6
   697 | D:2      | Reached XP level 3. HP: 24/24 MP: 5/7
  1320 | D:2      | Reached XP level 4. HP: 18/30 MP: 8/8
  1326 | D:2      | You fall into a shaft and drop 2 floors!
  1381 | D:4      | HP: 1/30 [quokka (1)]
  1382 | D:4      | Slain by a quokka

Illustrated notes

Levels and vault maps discovered:
D:1:      dpeg_arrival_lava_temple_mockup, layout_basic, minmay_tiny_reverse_x
D:2:      layout_basic
D:4:      layout_gridville, kennysheep_little_box, cheibrodos_sewer_entry_bend

Skill      XL: |  1  2  3 |
---------------+----------+-----
Conjurations   | 1 2 3 |  3.1
Dodging        | |  1.7
Stealth        | |  2.4
Spellcasting   | |  3.2
Summonings     | |  1.0
Translocations | |  0.8

Action                   |  1- 3 |  4- 6 || total
-------------------------+-------+-------++-------
Melee: Mace              |     2 |       ||     2
       Dagger            |    23 |       ||    23
 Fire: Hunting sling     |     6 |       ||     6
 Cast: Magic Dart        |    51 |       ||    51
 Abil: Dig               |       |     1 ||     1
       Shaft Self        |       |     1 ||     1
  Eat: Chunk             |     1 |       ||     1
Armor: Robe              |     6 |     6 ||    12
Dodge: Dodged            |    25 |    20 ||    45
